SL
VANCOUVER GREY WOLVES @ SEATTLE AVIATORS
08/02/2027
 
TOP OF THE 1ST
Vancouver Grey Wolves batting - Pitching for Seattle Aviators : RHP Chip Bishop
Pitching: RHP Chip Bishop
Batting: RHB Danny Walsh 0-0: Ball
1-0: Ball
2-0: Foul Ball, location: 2F
2-1: Foul Ball, location: 2F
2-2: Ball
3-2: Foul Ball, location: 2F
3-2: Ground out 4-3 (Groundball, 4M)
Batting: SHB Ted Striker 0-0: Foul Ball, location: 2F
0-1: SINGLE (Line Drive, 89S)
Batting: RHB Tony Farquharson 0-0: Reached on error, E5 (Groundball, 5D)
Ted Striker to second
Batting: RHB Robert O'Connor 0-0: Called Strike
0-1: Ball
1-1: Ball
2-1: Grounds into double play, 5-4-3 (Groundball, 56)
Top of the 1st over - 0 run(s), 1 hit(s), 1 error(s), 1 left on base; Vancouver 0 - Seattle 0
BOTTOM OF THE 1ST
Seattle Aviators batting - Pitching for Vancouver Grey Wolves : LHP Andrés Quezada
Pitching: LHP Andrés Quezada
Batting: RHB Ethan Stanford 0-0: Called Strike
0-1: Swinging Strike
0-2: Foul Ball, location: 2F
0-2: Foul Ball, location: 2F
0-2: SINGLE (Flyball, 89S)
Batting: RHB Bobby Christopher 0-0: Ball
1-0: Ball
2-0: Ball
3-0: Base on Balls
Ethan Stanford to second
Batting: LHB Jorge Mojica 0-0: Grounds out, U3 (Groundball, 3L)
Ethan Stanford to third
Batting: LHB Kenny Webster 0-0: Ball
1-0: Ball
2-0: Foul Ball, location: 2F
2-1: Foul Ball, location: 2F
2-2: Ball
3-2: Fly out, F7 (Flyball, 7)
Runner from 3rd tags up, SCORES, throw made
Batting: RHB Anthony Johnston 0-0: Ball
1-0: Called Strike
1-1: Ground out 5-3 (Groundball, 56S)
Bottom of the 1st over - 1 run(s), 1 hit(s), 0 error(s), 1 left on base; Vancouver 0 - Seattle 1
TOP OF THE 2ND
Vancouver Grey Wolves batting - Pitching for Seattle Aviators : RHP Chip Bishop
Batting: LHB Aquiles Marmelo 0-0: Called Strike
0-1: SINGLE (Groundball, 6M) (infield hit)
Batting: RHB Hugh Mungus 0-0: Ball
1-0: Foul Ball, location: 2F
1-1: Called Strike
1-2: Foul Ball, location: 2F
1-2: Foul Ball, location: 2F
1-2: Ball
2-2: Foul Ball, location: 2F
2-2: Fly out, F8 (Flyball, 8LM)
Batting: RHB Hank Scorpio 0-0: Ball
1-0: Ball
2-0: Foul Ball, location: 2F
2-1: Fly out, F9 (Flyball, 9LS)
Batting: RHB Logan Namajunas 0-0: Swinging Strike
0-1: Fly out, F9 (Flyball, 9)
Top of the 2nd over - 0 run(s), 1 hit(s), 0 error(s), 1 left on base; Vancouver 0 - Seattle 1
BOTTOM OF THE 2ND
Seattle Aviators batting - Pitching for Vancouver Grey Wolves : LHP Andrés Quezada
Batting: LHB Dong-jin Kim 0-0: Fly out, F9 (Flyball, 9S)
Batting: RHB Jesús Rodríguez 0-0: Ball
1-0: Fly out, F8 (Flyball, 8LS)
Batting: RHB Jay Parker 0-0: Ball
1-0: Called Strike
1-1: Ball
2-1: Ball
3-1: Base on Balls
Batting: RHB Tynan Hawkins 0-0: Called Strike
0-1: Called Strike
0-2: Ball
1-2: SINGLE (Groundball, 6D)
Jay Parker to second
Batting: RHB Ethan Stanford 0-0: Ball
1-0: Called Strike
1-1: Swinging Strike
1-2: Ball
2-2: Foul Ball, location: 2F
2-2: Ball
3-2: Foul Ball, location: 2F
3-2: Foul Ball, location: 2F
3-2: Base on Balls
Jay Parker to third
Tynan Hawkins to second
Batting: RHB Bobby Christopher 0-0: Ball
1-0: Fly out, F6 (Line Drive, 6)
Bottom of the 2nd over - 0 run(s), 1 hit(s), 0 error(s), 3 left on base; Vancouver 0 - Seattle 1
TOP OF THE 3RD
Vancouver Grey Wolves batting - Pitching for Seattle Aviators : RHP Chip Bishop
Batting: RHB Pau Arria 0-0: Fly out, F6 (Popup, 56D)
Batting: RHB Danny Walsh 0-0: Foul Ball, location: 2F
0-1: Ball
1-1: Called Strike
1-2: SINGLE (Groundball, 56D)
Batting: SHB Ted Striker 0-0: Ball
1-0: Ball
2-0: Ball
3-0: Base on Balls
Danny Walsh to second
Batting: RHB Tony Farquharson 0-0: Foul Ball, location: 2F
0-1: Ball
1-1: Swinging Strike
1-2: Foul Ball, location: 2F
1-2: Foul Ball, location: 2F
1-2: Foul Ball, location: 2F
1-2: Foul Ball, location: 2F
1-2: Grounds into double play, 5-4-3 (Groundball, 5)
Top of the 3rd over - 0 run(s), 1 hit(s), 0 error(s), 1 left on base; Vancouver 0 - Seattle 1
BOTTOM OF THE 3RD
Seattle Aviators batting - Pitching for Vancouver Grey Wolves : LHP Andrés Quezada
Batting: LHB Jorge Mojica 0-0: Ball
1-0: Foul Ball, location: 2F
1-1: Foul Ball, location: 2F
1-2: Strikes out swinging, 2-3 out at first.
Batting: LHB Kenny Webster 0-0: Called Strike
0-1: SINGLE (Line Drive, 9S)
Batting: RHB Anthony Johnston 0-0: Ball
1-0: Fly out, F7 (Flyball, 7LMF)
Batting: LHB Dong-jin Kim 0-0: Ball
1-0: Called Strike
1-1: Foul Ball, location: 2F
1-2: Foul Ball, location: 2F
1-2: Ball
2-2: Strikes out swinging
Bottom of the 3rd over - 0 run(s), 1 hit(s), 0 error(s), 1 left on base; Vancouver 0 - Seattle 1
TOP OF THE 4TH
Vancouver Grey Wolves batting - Pitching for Seattle Aviators : RHP Chip Bishop
Batting: RHB Robert O'Connor 0-0: Ball
1-0: Fly out, F7 (Line Drive, 7)
Batting: LHB Aquiles Marmelo 0-0: Called Strike
0-1: Called Strike
0-2: Ground out 4-3 (Groundball, 34)
Batting: RHB Hugh Mungus 0-0: Ball
1-0: Ground out 6-3 (Groundball, 6)
Top of the 4th over - 0 run(s), 0 hit(s), 0 error(s), 0 left on base; Vancouver 0 - Seattle 1
BOTTOM OF THE 4TH
Seattle Aviators batting - Pitching for Vancouver Grey Wolves : LHP Andrés Quezada
Batting: RHB Jesús Rodríguez 0-0: Fly out, F8 (Line Drive, 8RM)
Batting: RHB Jay Parker 0-0: Swinging Strike
0-1: Fly out, F4 (Line Drive, 4)
Batting: RHB Tynan Hawkins 0-0: Called Strike
0-1: Ground out 5-3 (Groundball, 5S)
Bottom of the 4th over - 0 run(s), 0 hit(s), 0 error(s), 0 left on base; Vancouver 0 - Seattle 1
TOP OF THE 5TH
Vancouver Grey Wolves batting - Pitching for Seattle Aviators : RHP Chip Bishop
Batting: RHB Hank Scorpio 0-0: Swinging Strike
0-1: Swinging Strike
0-2: Fly out, F5 (Line Drive, 56)
Batting: RHB Logan Namajunas 0-0: Called Strike
0-1: Called Strike
0-2: Strikes out looking
Batting: RHB Pau Arria 0-0: Ball
1-0: SINGLE (Groundball, 6MD)
Batting: RHB Danny Walsh 0-0: Ball
1-0: Ball
2-0: Fielders Choice at 2nd, 6-4 (Groundball, 6)
Top of the 5th over - 0 run(s), 1 hit(s), 0 error(s), 0 left on base; Vancouver 0 - Seattle 1
BOTTOM OF THE 5TH
Seattle Aviators batting - Pitching for Vancouver Grey Wolves : LHP Andrés Quezada
Batting: RHB Ethan Stanford 0-0: Bunted foul
0-1: Foul Ball, location: 2F
0-2: Ball
1-2: Ball
2-2: Foul Ball, location: 2F
2-2: Ground out 4-3 (Groundball, 4)
Batting: RHB Bobby Christopher 0-0: Ball
1-0: SINGLE (Line Drive, 89M)
Batting: LHB Jorge Mojica 0-0: Called Strike
0-1: Ball
1-1: Foul Ball, location: 2F
1-2: Ball
2-2: Fly out, F9 (Flyball, 89S)
Batting: LHB Kenny Webster 0-0: Ball
1-0: Fly out, F7 (Flyball, 7LM)
Bottom of the 5th over - 0 run(s), 1 hit(s), 0 error(s), 1 left on base; Vancouver 0 - Seattle 1
TOP OF THE 6TH
Vancouver Grey Wolves batting - Pitching for Seattle Aviators : RHP Chip Bishop
Batting: SHB Ted Striker 0-0: Ground out 4-3 (Groundball, 4)
Batting: RHB Tony Farquharson 0-0: Called Strike
0-1: Ball
1-1: Called Strike
1-2: Foul Ball, location: 2F
1-2: Ball
2-2: Fly out, F8 (Flyball, 89M)
Batting: RHB Robert O'Connor 0-0: Called Strike
0-1: Called Strike
0-2: Foul Ball, location: 2F
0-2: Strikes out swinging
Top of the 6th over - 0 run(s), 0 hit(s), 0 error(s), 0 left on base; Vancouver 0 - Seattle 1
BOTTOM OF THE 6TH
Seattle Aviators batting - Pitching for Vancouver Grey Wolves : LHP Andrés Quezada
Batting: RHB Anthony Johnston 0-0: SOLO HOME RUN (Flyball, 7D), Distance : 375 ft
Batting: LHB Dong-jin Kim 0-0: SINGLE (Groundball, 4MD)
Batting: RHB Jesús Rodríguez 0-0: Bunted foul
0-1: Bunted foul
0-2: Ground out 5-3 (Groundball, 56S)
Dong-jin Kim to second
Batting: RHB Jay Parker 0-0: Ball
1-0: Swinging Strike
1-1: Called Strike
1-2: Strikes out looking
Batting: RHB Tynan Hawkins 0-0: Ground out 4-3 (Groundball, 4MD)
Bottom of the 6th over - 1 run(s), 2 hit(s), 0 error(s), 1 left on base; Vancouver 0 - Seattle 2
TOP OF THE 7TH
Vancouver Grey Wolves batting - Pitching for Seattle Aviators : RHP Chip Bishop
Batting: LHB Aquiles Marmelo 0-0: Called Strike
0-1: Called Strike
0-2: Strikes out swinging
Batting: RHB Hugh Mungus 0-0: Foul Ball, location: 2F
0-1: Ball
1-1: Ball
2-1: Foul Ball, location: 2F
2-2: Ground out 6-3 (Groundball, 6)
Batting: RHB Hank Scorpio 0-0: Called Strike
0-1: SINGLE (Groundball, 6M) (infield hit)
Batting: RHB Logan Namajunas 0-0: Ball
1-0: Ball
2-0: Called Strike
2-1: Swinging Strike
2-2: Ball
3-2: Foul Ball, location: 2F
3-2: Strikes out looking
Top of the 7th over - 0 run(s), 1 hit(s), 0 error(s), 1 left on base; Vancouver 0 - Seattle 2
BOTTOM OF THE 7TH
Seattle Aviators batting - Pitching for Vancouver Grey Wolves : LHP Andrés Quezada
Batting: RHB Ethan Stanford 0-0: Ball
1-0: Foul Ball, location: 2F
1-1: Ball
2-1: Foul Ball, location: 2F
2-2: Fly out, F9 (Flyball, 9LDF)
Batting: RHB Bobby Christopher 0-0: Called Strike
0-1: Ball
1-1: Ball
2-1: Ball
3-1: Base on Balls
Batting: LHB Jorge Mojica 0-0: Swinging Strike
0-1: DOUBLE (Flyball, 8RXD)
Bobby Christopher to third
Batting: LHB Kenny Webster 0-0: Ball
1-0: Called Strike
1-1: Ground out U3 (Groundball, 34)
Batting: RHB Anthony Johnston 0-0: Ball
1-0: Ground out 5-3 (Groundball, 56)
Bottom of the 7th over - 0 run(s), 1 hit(s), 0 error(s), 2 left on base; Vancouver 0 - Seattle 2
TOP OF THE 8TH
Vancouver Grey Wolves batting - Pitching for Seattle Aviators : RHP Chip Bishop
Batting: RHB Pau Arria 0-0: Ball
1-0: Fly out, F9 (Flyball, 9S)
Batting: RHB Danny Walsh 0-0: Foul Ball, location: 2F
0-1: Ball
1-1: Foul Ball, location: 2F
1-2: Strikes out swinging
Batting: SHB Ted Striker 0-0: Called Strike
0-1: Swinging Strike
0-2: Foul Ball, location: 2F
0-2: Ball
1-2: Strikes out swinging
Top of the 8th over - 0 run(s), 0 hit(s), 0 error(s), 0 left on base; Vancouver 0 - Seattle 2
BOTTOM OF THE 8TH
Seattle Aviators batting - Pitching for Vancouver Grey Wolves : LHP Andrés Quezada
Batting: LHB Dong-jin Kim 0-0: Ball
1-0: Foul Ball, location: 2F
1-1: Foul Ball, location: 2F
1-2: Foul Ball, location: 2F
1-2: Foul Ball, location: 2F
1-2: Foul Ball, location: 2F
1-2: Foul Ball, location: 2F
1-2: Foul Ball, location: 2F
1-2: Fly out, F4 (Line Drive, 4D)
Pitching: RHP Tyler Rodríguez
Batting: RHB Jesús Rodríguez 0-0: Called Strike
0-1: Ball
1-1: Ground out 1-3 (Groundball, 13)
Batting: RHB Jay Parker 0-0: Ball
1-0: SINGLE (Line Drive, 6MD)
Batting: RHB Tynan Hawkins 0-0: Ball
1-0: Foul Ball, location: 2F
1-1: Ball
2-1: SINGLE (Line Drive, 8RS)
Jay Parker to second
Runner from 2nd tries for 3rd, SAFE, no throw
Batting: RHB Ethan Stanford 0-0: Ball
1-0: Foul Ball, location: 2F
1-1: Ball
2-1: Ball
3-1: Foul Ball, location: 2F
3-2: Base on Balls
Tynan Hawkins to second
Batting: RHB Bobby Christopher 0-0: Hit by Pitch
Jay Parker scores
Tynan Hawkins to third
Ethan Stanford to second
Batting: LHB Jorge Mojica 0-0: Ball
1-0: Ball
2-0: Called Strike
2-1: Fly out, F7 (Flyball, 7LSF)
Bottom of the 8th over - 1 run(s), 2 hit(s), 0 error(s), 3 left on base; Vancouver 0 - Seattle 3
TOP OF THE 9TH
Vancouver Grey Wolves batting - Pitching for Seattle Aviators : RHP Chip Bishop
Batting: RHB Tony Farquharson 0-0: Called Strike
0-1: Foul Ball, location: 2F
0-2: Strikes out swinging
Batting: RHB Robert O'Connor 0-0: Foul Ball, location: 2F
0-1: Called Strike
0-2: Ball
1-2: Ball
2-2: Foul Ball, location: 2F
2-2: Ball
3-2: Fly out, F9 (Flyball, 89M)
Batting: LHB Aquiles Marmelo 0-0: Ball
1-0: Fly out, F4 (Popup, 4)
Top of the 9th over - 0 run(s), 0 hit(s), 0 error(s), 0 left on base; Vancouver 0 - Seattle 3
Saturday, May 26th, 2018 - OOTP Baseball 17.12 Build 75